 Dungeon Crawl Stone Soup version 0.27-a0-460-g297a19dbdb (webtiles) character file.

Game seed: 14836101609817779711

513 Anon1729 the Skirmisher (level 7, -4/60 HPs)
             Began as a Ghoul Fighter on Feb 28, 2021.
             Killed from afar by an orc wizard (5 damage)
             ... with a puff of flame
             ... on level 4 of the Dungeon.
             The game lasted 00:05:56 (3966 turns).

Anon1729 the Skirmisher (Ghoul Fighter)             Turns: 3966, Time: 00:05:57

Health: -4/60      AC:  8    Str: 21    XL:     7   Next: 19%
Magic:  6/6        EV:  7    Int:  4    God:
Gold:   78         SH:  9    Dex:  8    Spells: 6/6 levels left

rFire    . . .     SeeInvis .   a - +0 war axe
rCold    + . .     Faith    .   c - +0 kite shield
rNeg     + + +     Spirit   .   b - +0 scale mail
rPois    ∞         Reflect  .   (no helmet)
rElec    .         Harm     .   j - +0 cloak
rCorr    .         Rampage  .   (no gloves)
Will     .....                  (no boots)
Stlth    ..........             e - amulet of regeneration
HPRegen  0.00/turn              (no ring)
MPRegen  0.10/turn              (no ring)

@: no status effects
A: claws 1, cold resistance 1, negative energy resistance 3, inhibited
regeneration, torment resistance, unbreathing
a: no special abilities


You were on level 4 of the Dungeon.
You visited 1 branch of the dungeon, and saw 4 of its levels.
You also visited: Sewer.

You collected 177 gold pieces.
You spent 99 gold pieces at shops.

Inventory:

Hand Weapons
 a - a +0 war axe (weapon)
Armour
 b - a +0 scale mail (worn)
 c - a +0 kite shield (worn)
 j - a +0 cloak (worn)
Jewellery
 e - an amulet of regeneration (around neck)
 k - a +6 ring of intelligence
Wands
 s - a wand of random effects (21)
Scrolls
 d - a scroll of fear
 g - 2 scrolls of magic mapping
 i - a scroll of immolation
 o - 2 scrolls of blinking
 p - a scroll of teleportation
 u - a scroll of identify
Potions
 f - a potion of magic
 h - 2 potions of attraction
 l - a potion of mutation
 m - 2 potions of flight
 n - 2 potions of curing
 q - a potion of haste
 r - 3 potions of heal wounds
 t - a potion of lignification {unknown}


   Skills:
 + Level 4.9 Fighting
 * Level 4.5 Axes
 + Level 4.0 Armour
 - Level 4.0 Shields


You had 6 spell levels left.
You didn't know any spells.
Your spell library contained the following spells:

 Spells                   Type           Power        Failure   Level
 Shock                    Conj/Air       0%           99%         1
 Swiftness                Air            0%           100%        2
 Static Discharge         Conj/Air       0%           100%        3
 Airstrike                Air            0%           100%        4
 Lightning Bolt           Conj/Air       0%           100%        5


Dungeon Overview and Level Annotations

Branches:
Dungeon (4/15)              Sewer (visited)
 Temple: D:4-7

Altars:
Ashenzari
Elyvilon
Okawaru

Shops:
D:4 *


Innate Abilities, Weirdness & Mutations

You thrive by killing the living.
You are immune to poison.
You have sharp fingernails.
Your flesh is cold resistant. (rC+)
You are immune to negative energy. (rN+++)
You do not regenerate when monsters are visible.
You are immune to unholy pain and torment.
You can survive without breathing.


Message History

The magic dart hits you!
You closely miss the orc wizard.
The orc wizard is severely wounded.
The orc wizard hits you with a +0 dagger.
The orc wizard closely misses you.
You closely miss the orc wizard.
The orc wizard is severely wounded.
The orc wizard barely misses you.
The ogre shouts!
You hit the orc wizard.
The orc wizard is almost dead.
You hit the ogre.
The orc wizard hits you but does no damage.
The ogre hits you with a +0 giant spiked club!!
Ouch! That really hurt!
* * * LOW HITPOINT WARNING * * *
Unknown command.
Your shield and scale mail prevent you from hitting the orc wizard.
The orc wizard is almost dead.
Your shield and scale mail prevent you from hitting the ogre.
The orc wizard gestures at you while chanting.
The magic dart hits you.
* * * LOW HITPOINT WARNING * * *
You block the ogre's attack. You block the orc wizard's attack.
The orc wizard points at you and mumbles some strange words.
The puff of flame hits you.
* * * LOW HITPOINT WARNING * * *
The orc wizard casts a spell at you. You resist with some effort.
Aiming: Random Effects
Press: ? - help, Shift-Dir - straight line, f - orc wizard
Aim: an orc wizard, wielding a +0 dagger and wearing a +0 robe (almost dead)
Okay, then.
You hear the brisk hiss of a very distant avalanche of sand.
The orc wizard casts a spell at you. The magic dart hits you!
* * * LOW HITPOINT WARNING * * *
The orc wizard points at you and mumbles some strange words.
The puff of flame hits you.
You die...

#.#########......# #.#
#..##..### #.#
#..##..... #.#
#..#...... ###.###
###..#>..... #.....#
#...........
#)....#####.###>......
#........oO.# #.......
#....@#####.###..###..
#.....# #....o..#{o)
##.#.## ##O###.#)o##
#.#.# #.....#o.).
#.#.# ##.........
#.#.#############....
#.#........# ##.##
#....#####.# ##.##
#.##.# ######..##


You could see an ogre and an orc wizard.

Vanquished Creatures
  A phantom (D:4)
  2 bullfrogs (Sewer)
  An orc wizard (D:4)
  A hound zombie (D:3)
  4 gnolls (D:3)
  5 adders
  3 river rats (D:3)
  2 oozes (D:3)
  An adder skeleton (D:3)
  6 worms
  4 dart slugs
  3 leopard geckos
  7 orcs
  10 bats
  11 giant cockroaches
  9 goblins
  7 hobgoblins
  12 kobolds
  2 quokkas
  6 ball pythons
  10 frilled lizards
  25 rats
132 creatures vanquished.

Notes
Turn   | Place    | Note
-------+----------+-------------------------------------------
     0 | D:1      | Anon1729 the Ghoul Fighter began the quest for the Orb.
     0 | D:1      | Reached XP level 1. HP: 19/19 MP: 0/0
   287 | D:1      | Reached XP level 2. HP: 26/26 MP: 1/1
   570 | D:1      | Reached XP level 3. HP: 31/31 MP: 2/2
   659 | D:1      | Found a broken altar of Ashenzari.
  1277 | D:2      | Reached XP level 4. HP: 24/40 MP: 3/3
  1561 | D:2      | Found a white marble altar of Elyvilon.
  2224 | D:3      | Reached XP level 5. HP: 33/46 MP: 4/4
  2387 | D:3      | Found a glowing drain.
  2391 | Sewer    | Entered a sewer
  2581 | Sewer    | Reached XP level 6. HP: 16/53 MP: 5/5
  3240 | D:3      | Found an iron altar of Okawaru.
  3747 | D:4      | Reached XP level 7. HP: 53/60 MP: 6/6
  3768 | D:4      | Found Mugaem's General Store.
  3773 | D:4      | Bought a potion of heal wounds for 55 gold pieces
  3773 | D:4      | Bought a scroll of noise for 11 gold pieces
  3773 | D:4      | Bought a potion of curing for 33 gold pieces
  3965 | D:4      | HP: 1/60 [orc wizard/magic dart (9)]
  3966 | D:4      | Killed from afar by an orc wizard

Illustrated notes

Levels and vault maps discovered:
D:1:      dpeg_chamrin_arrival_tetris, layout_loops_ring,
          evilmike_ruin_ashenzari
D:2:      layout_rooms, elyvilon_altar_4, serial_curves, eino_curves_04,
          eino_curves_02
D:3:      layout_loops_ring, okawaru_metal_pillars_1_2,
          lightli_sewer_entry_pipes, minmay_rat_hole
D:4:      layout_loops_ring, minmay_temple_entry_large_hall, serial_shops, shop,
          nicolae_ossuary_entry_plus, kennysheep_cross_room

Skill      XL: |  1  2  3  4  5  6  7 |
---------------+----------------------+-----
Axes           | 2 3 4 |  4.5
Armour         | 3 4 |  4.0
Shields        | 3 4 |  4.0
Fighting       | 4 |  4.9

Action                   |  1- 3 |  4- 6 |  7- 9 || total
-------------------------+-------+-------+-------++-------
Melee: War axe           |   123 |   313 |    32 ||   468
  Use: Potion            |       |     1 |       ||     1
       Scroll            |       |     9 |     2 ||    11
Armor: Scale mail        |    80 |   133 |     2 ||   215
Dodge: Dodged            |    60 |   118 |    10 ||   188
Block: Kite shield       |    85 |   154 |    17 ||   256

Table legend: (Time is in decaauts)
 A = Elapsed time spent in this place.
 B = Non-inter-level travel time spent in this place.
 C = Inter-level travel time spent in this place.
 D = Time resting spent in this place.
 E = Time spent auto-exploring this place.
 F = Levels seen in this place.
 G = Mean time per level.
                   A        B        C        D        E       F      G
               +--------+--------+--------+--------+--------+-----+--------+
         Total |   4386 |   4266 |    120 |    204 |   2488 |   5 |  877.2 |
       Dungeon |   3678 |   3558 |    120 |    174 |   2369 |   4 |  919.5 |
         Sewer |    708 |    708 |      0 |     30 |    119 |   1 |  708.0 |
               +--------+--------+--------+--------+--------+-----+--------+

Top non-repeatable levels by time:
     D:1: 1329 daAuts
     D:3: 1098 daAuts
     D:2: 996 daAuts
   Sewer: 708 daAuts
     D:4: 254 daAuts
